 Seeded DCSS version 0.30.1-4-g462c640d31 (webtiles) character file.

Game seed: 15660985446129201502 (custom seed)

1405 AccursedSamuel the Twirler (level 8, -3/48 HPs)
             Began as a Tengu Monk on Sept 12, 2023.
             Slain by an ogre
             ... wielding a +0 giant club
              (17 damage)
             ... on level 6 of the Dungeon.
             The game lasted 00:12:19 (5832 turns).

AccursedSamuel the Twirler (Tengu Monk)             Turns: 5832, Time: 00:12:20

Health: -3/48      AC: 31    Str: 14    XL:     8   Next: 70%
Magic:  9/9        EV:  6    Int: 10    God:
Gold:   384        SH:  0    Dex: 17    Spells: 7/7 levels left

rFire   . . .        q - +3 quarterstaff (chaos)
rCold   . . .        (shield currently unavailable)
rNeg    . . .        e - +15 Maxwell's patent armour {-Cast -Tele rElec Will+ rCorr}
rPois   .            (helmet restricted)
rElec   +            (no cloak)
rCorr   +            (no gloves)
SInv    .            (boots unavailable)
Will    +....        (no amulet) Stlth
                     p - +4 ring of protection
HPRegen 0.28/turn    (no ring)
MPRegen 0.11/turn

%: no teleportation, no spellcasting
@: flying quickly and evasively, quick
A: beak, talons 3, nimble flight
a: no special abilities


You were on level 6 of the Dungeon.
You visited 1 branch of the dungeon, and saw 6 of its levels.

You collected 384 gold pieces.

Inventory:

Hand Weapons
 q - a +3 quarterstaff of chaos (weapon)
Armour
 b - a +1 robe
 d - an orb of light
 e - the +15 Maxwell's patent armour (worn) {-Cast -Tele rElec Will+ rCorr}
   (You acquired it on level 1 of the Dungeon)

   rElec:     It insulates you from electricity.
   -Cast:     It prevents spellcasting.
   -Tele:     It prevents most forms of teleportation.
   rCorr:     It protects you from acid and corrosion.
   Will:      It increases your willpower.
 r - a +2 cloak
Jewellery
 p - a +4 ring of protection (left hand)
Wands
 f - a wand of iceblast (1)
Scrolls
 a - a scroll of blinking
 g - 3 scrolls of identify
 k - a scroll of enchant armour
 n - 6 scrolls of teleportation
Potions
 c - 2 potions of ambrosia
 h - a potion of lignification
 j - a potion of haste
 m - a potion of magic


   Skills:
 + Level 4.9 Fighting
 + Level 5.8 Long Blades
 + Level 6.8 Staves
 + Level 4.7 Armour
 + Level 4.1 Dodging
 + Level 1.3 Stealth
 + Level 1.7 Unarmed Combat


You had 7 spell levels left.
You didn't know any spells.
Your spell library contained the following spells:

 Spells                   Type           Power      Damage    Failure   Level
 Cigotuvi's Dreadful Rot  Necr/Pois/Air  0%         N/A       100%        2
 Lesser Beckoning         Tloc           0%         N/A       100%        2
 Gell's Gravitas          Tloc           0%         N/A       100%        3
 Ignite Poison            Fire/Tmut/Pois 0%         N/A       100%        3
 Teleport Other           Tloc           0%         N/A       100%        3
 Dispel Undead            Necr           0%         3d6       100%        4
 Sticky Flame             Conj/Fire      0%         2d3       100%        4
 Death Channel            Necr           0%         N/A       100%        6
 Ignition                 Fire           0%         3d3       100%        8


Dungeon Overview and Level Annotations

Branches:
Dungeon (6/15)
 Temple: D:4-7

Altars:
Elyvilon
Ru
Wu Jian


Innate Abilities, Weirdness & Mutations

You have a beak for a mouth.
You have claws for feet.
Your magical nature lets you fly swiftly and evasively.


Message History

You closely miss the howler monkey. Your kick misses the howler monkey.
The howler monkey is moderately wounded.
The howler monkey hits you but does no damage.
You hit the howler monkey. Your peck misses the howler monkey.
The howler monkey is moderately wounded.
The howler monkey hits you but does no damage.
You thump the howler monkey! You burn the howler monkey.
You claw the howler monkey.
You kill the howler monkey!
You feel your dexterity returning.
You see here a howler monkey corpse.
Found a stone staircase leading up.
A shadow imp comes into view.
The shadow imp shouts, "Begone, thou rough-hewn toenail-biting tiler!"
You see here a scarf of harm.
Found 13 gold pieces.
Found 14 gold pieces.
The shadow imp hits you but does no damage.
You barely miss the shadow imp. Your peck misses the shadow imp.
The shadow imp hits you.
An ogre comes into view. It is wielding a +0 giant club.
You sock the shadow imp!
The shadow imp seems to speed up.
Your kick misses the shadow imp. Your peck misses the shadow imp.
The shadow imp is severely wounded.
The shadow imp hits you but does no damage.
You hit the shadow imp.
Lightning courses through the shadow imp!!
You kill the shadow imp!
Found a spear.
The ogre hits you with a +0 giant club!
You sock the ogre! Your kick misses the ogre.
The ogre is heavily wounded.
The ogre blinks!
The ogre hits you with a +0 giant club! The ogre hits you but does no damage.
The ogre barely misses you. The ogre hits you with a +0 giant club!
The ogre hits you with a +0 giant club.
* * * LOW HITPOINT WARNING * * *
The ogre hits you with a +0 giant club!
You die...

#............#
#....#.......#
#....#[......# #...
#.......# #...
#.......# #..
#.......# #...
#.<.....# .
....#.......##...
..........O@.......
...............####
##.....#.....$.#
###......$....#
#.#..#≈≈.....≈≈≈
#.##..#≈...≈≈..≈..
)# ##.#......≈≈...
...≈.......≈
........≈≈...


You could see an ogre.

Vanquished Creatures
  Sigmund (D:4)
  Menkaure (D:6)
  Edmund (D:5)
  A centaur (D:6)
  An ogre (D:5)
  2 scorpions
  A howler monkey (D:6)
  3 hounds
  3 quasits (D:5)
  Crazy Yiuf (D:2)
  3 orc priests
  3 iguanas
  Jessica (D:2)
  A sleepcap (D:5)
  Ijyb (D:4)
  2 orc wizards (D:6)
  3 adders
  4 shadow imps
  2 white imps (D:5)
  5 ufetubi
  A worm (D:4)
  4 dart slugs
  13 orcs
  6 ball pythons
  9 endoplasms
  2 giant cockroaches (D:2)
  8 goblins
  9 hobgoblins
  6 kobolds
  6 quokkas
  3 bats
  7 frilled lizards
  8 rats
  A spectral kobold (D:2)
123 creatures vanquished.

Notes
Turn   | Place    | Note
-------+----------+-------------------------------------------
     0 | D:1      | AccursedSamuel the Tengu Monk began the quest for the Orb.
     0 | D:1      | Reached XP level 1. HP: 14/14 MP: 2/2
   118 | D:1      | Reached XP level 2. HP: 19/19 MP: 3/3
   597 | D:1      | Reached XP level 3. HP: 23/23 MP: 4/4
   823 | D:1      | Identified a scroll of acquirement
   823 | D:1      | Acquired the +15 Maxwell's patent armour {-Cast -Tele rElec
                  | Will+ rCorr}
   823 | D:1      | Found the +15 Maxwell's patent armour {-Cast -Tele rElec
                  | Will+ rCorr}
  1041 | D:2      | Found a faded altar of an unknown god.
  1122 | D:2      | Found a runed translucent door.
  1173 | D:2      | Noticed Crazy Yiuf
  1309 | D:2      | Noticed Jessica
  1315 | D:2      | Killed Jessica
  1316 | D:2      | Reached XP level 4. HP: 14/28 MP: 5/5
  1715 | D:2      | Killed Crazy Yiuf
  1716 | D:2      | Reached skill level 5 in Long Blades
  1716 | D:2      | Gained mutation: Your magical nature lets you fly swiftly
                  | and evasively. [Tengu growth]
  1716 | D:2      | Reached XP level 5. HP: 32/32 MP: 6/6
  2495 | D:3      | Found an ornate altar of the Wu Jian Council.
  2763 | D:4      | Reached skill level 1 in Armour
  2763 | D:4      | Reached XP level 6. HP: 38/38 MP: 7/7
  2839 | D:4      | Reached skill level 1 in Staves
  3070 | D:4      | Noticed Ijyb
  3084 | D:4      | Killed Ijyb
  3085 | D:4      | Reached skill level 1 in Unarmed Combat
  3095 | D:4      | Noticed Sigmund
  3103 | D:4      | Killed Sigmund
  3104 | D:4      | Reached skill level 3 in Staves
  3104 | D:4      | Reached XP level 7. HP: 43/43 MP: 8/8
  3884 | D:5      | Entered Level 5 of the Dungeon
  4123 | D:5      | Reached skill level 4 in Staves
  4128 | D:5      | Found a sacrificial altar of Ru.
  4207 | D:5      | Reached skill level 5 in Staves
  4443 | D:5      | Noticed Edmund
  4453 | D:5      | Killed Edmund
  4454 | D:5      | Reached XP level 8. HP: 5/48 MP: 9/9
  5154 | D:5      | Found a white marble altar of Elyvilon.
  5357 | D:5      | Reached skill level 1 in Stealth
  5513 | D:6      | Noticed Menkaure
  5526 | D:6      | Reached skill level 6 in Staves
  5528 | D:6      | Killed Menkaure
  5832 | D:6      | Slain by an ogre

Illustrated notes

Levels and vault maps discovered:
D:1:      minmay_arrival_pointy, layout_loops_ring, minmay_gold_behind_fungi
D:2:      layout_basic, dreamdust_ecumenical_altar_drowned_temple,
          hangedman_decor_clover_reticule, fountainhead,
          uniq_crazy_yiuf_cottage, uniq_jessica
D:3:      layout_loops_ring, general_overflow_altar, serial_bayou_pond_d
D:4:      layout_basic, nicolae_eternal_life, uniq_ijyb, uniq_sigmund
D:5:      layout_layer_cave, mainiacjoe_overflow_small_starburst,
          elyvilon_altar_1, serial_demonic, serial_demonic_e, serial_demonic_b,
          serial_demonic_e, serial_demonic_a, serial_demonic_e,
          serial_demonic_e, serial_demonic_g, serial_demonic_a,
          serial_demonic_d, serial_demonic_g, uniq_edmund
D:6:      layout_basic, nicolae_uskayaw_suspiria, ebering_ghost_rock_garden,
          minivault_22, uniq_menkaure

Skill      XL: |  1  2  3  4  5  6  7  8 |
---------------+-------------------------+-----
Long Blades    | 4 5 |  5.8
Dodging        | 4 |  4.1
Armour         | 1 2 3 4 |  4.7
Staves         | 3 5 6 |  6.8
Unarmed Combat | 1 |  1.7
Fighting       | 4 |  4.9
Stealth        | 1 |  1.3

Action                     |  1- 3 |  4- 6 |  7- 9 || total
---------------------------+-------+-------+-------++-------
  Melee: Falchion          |    52 |    20 |       ||    72
         Kick              |    16 |    26 |    34 ||    76
         Peck              |     9 |    17 |    23 ||    49
         Quarterstaff      |       |    71 |   132 ||   203
         Unarmed           |       |    20 |       ||    20
    Use: Scroll            |     2 |     5 |     2 ||     9
         Potion            |     1 |     4 |     3 ||     8
   Stab: Confused          |       |       |     2 ||     2
 Armour: Robe              |     6 |       |       ||     6
         Plate armour      |    41 |    87 |   158 ||   286
  Dodge: Dodged            |    31 |    31 |    58 ||   120
